 Dungeon Crawl Stone Soup version 0.13-a0-2133-ge955d09 (console) character file.

342 Illaniel the Charmwright (level 5, -2/35 HPs)
             Began as a High Elf Skald on June 28, 2013.
             Slain by a hobgoblin
             ... wielding a +0,+1 scythe
              (6 damage)
             ... on Level 3 of the Dungeon.
             The game lasted 00:13:52 (2509 turns).

Illaniel the Charmwright (High Elf Skald)           Turns: 2509, Time: 00:13:52

HP  -2/35        AC 10     Str 11      XL: 5   Next: 79%
MP   0/13        EV  7     Int 16      God:
Gold 102         SH  0     Dex 15      Spells:  4 memorised,  2 levels left

Res.Fire  : . . .   See Invis. : +   a - +0 falchion
Res.Cold  : . . .   Warding    : .   m - +1 elf scale mail
Life Prot.: . . .   Conserve   : .   (no shield)
Res.Poison: .       Res.Corr.  : .   (no helmet)
Res.Elec. : .       Clarity    : .   (no cloak)
Sust.Abil.: . .     Spirit.Shd : .   (no gloves)
Res.Mut.  : .       Stasis     : .   (no boots)
Res.Rott. : .       Flight     : .   (no amulet)
Saprovore : . . .                    E - ring of see invisible
                                     v - +3 ring of protection

@: very slightly contaminated, slightly resistant to hostile enchantments,
extremely unstealthy
A: no striking features
a: no special abilities


You were on level 3 of the Dungeon.
You were very hungry.

You visited 1 branch of the dungeon, and saw 3 of its levels.

You collected 82 gold pieces.

Inventory:

Hand weapons
 a - a +0,+0 falchion (weapon)
 x - a -1,+0 orcish falchion
 y - a +0,+0 elven short sword
 C - a +0,-1 long sword
Missiles
 f - 22 stones (quivered)
Armour
 b - a +0 elven leather armour
 m - a +1 elven scale mail (worn)
Comestibles
 d - 2 bread rations
 r - a pear
 w - a meat ration
Scrolls
 g - 2 scrolls of remove curse
 h - 2 scrolls of teleportation {unknown}
 i - a scroll of identify
 p - a scroll of curse armour {unknown}
 q - a scroll of curse weapon {unknown}
 s - a scroll of amnesia {unknown}
 u - 2 scrolls of blinking {unknown}
 z - 2 scrolls of noise {unknown}
 A - 2 scrolls of enchant weapon II {unknown}
 D - a scroll of fog {unknown}
 F - a scroll of curse jewellery {unknown}
Jewellery
 e - an uncursed ring of ice
 j - an uncursed ring of ice
 v - a +3 ring of protection (left hand)
 E - a ring of see invisible (right hand)
Potions
 k - 2 potions of confusion
 l - a potion of heal wounds {unknown}
 n - a potion of paralysis {unknown}
 o - 2 potions of curing
 t - a potion of decay {unknown}
 B - a potion of brilliance {unknown}
Books
 c - a book of Battle

   Spells                             Type                      Level
   *Infusion                          Charms                       1
   *Shroud of Golubria                Charms/Translocation         2
   *Song of Slaying                   Charms                       2
   *Spectral Weapon                   Hexes/Charms                 3
   Regeneration                       Charms/Necromancy            3
   Song of Shielding                  Charms                       5


   Skills:
 + Level 2.4 Fighting
 - Level 2.4 Short Blades
 * Level 4.3 Long Blades
 + Level 1.7 Armour
 * Level 2.3 Dodging
 + Level 0.5 Stealth
 + Level 0.2 Traps
 * Level 3.1 Spellcasting
 + Level 0.4 Hexes
 * Level 4.6 Charms
 + Level 0.7 Translocations


You had 2 spell levels left.
You knew the following spells:

 Your Spells              Type           Power        Failure   Level  Hunger
a - Infusion              Chrm           ###...       10%         1    None
b - Song of Slaying       Chrm           ###.......   12%         2    ##.....
c - Spectral Weapon       Hex/Chrm       ##......     50%         3    ###....
h - Shroud of Golubria    Chrm/Tloc      ##........   24%         2    ##.....


Dungeon Overview and Level Annotations

Branches:
Dungeon (3/27)

Altars:


Message History

You hit the orc.
The orc is lightly wounded.
Your spectral weapon hits the orc but does no damage.
The orc hits you with a scythe.
The hobgoblin hits you but does no damage.
You hit the orc but do no damage.
The orc is lightly wounded.
Your spectral weapon hits the orc!
You kill the orc!
The hobgoblin closely misses you.
The hobgoblin hits you but does no damage.
There is an open door, spattered with blood here.
Items here: % )) [[ a scythe; a runed orcish robe; a scythe; a robe; the human corpse of Sigmund You hit the hobgoblin.
You kill the hobgoblin!
The hobgoblin hits you with a scythe!
* * * LOW HITPOINT WARNING * * *
The hobgoblin hits you from afar with a scythe.
You die...

▒▒▒▒▒▒▒▒▒∙∙∙∙∙∙∙▒
∙∙∙∙∙∙∙∙∙∙∙)∙∙∙∙▒
▒∙∙[∙∙∙∙∙∙∙∙∙∙∙∙▒
▒∙∙∙∙∙∙∙∙∙∙∙∙∙∙∙▒
∙∙∙∙∙∙∙∙∙∙∙∙∙∙∙∙▒
∙∙∙∙▒▒▒▒▒∙∙∙∙^∙∙▒
∙∙∙∙▒ ▒∙∙∙∙∙∙∙▒
∙∙∙∙▒ ▒▒▒∙▒▒▒(▒▒
∙∙∙∙▒ ▒∙▒▒∙∙∙▒
▒∙∙∙▒▒▒▒▒▒▒∙▒▒▒(▒▒
∙∙∙∙∙∙∙∙∙∙∙∙∙▒g)@▒
∙∙∙∙∙▒▒▒▒▒▒>▒▒∙∙∙▒
∙∙∙∙∙▒ ▒∙▒▒▒▒▒▒
∙∙∙∙∙▒▒▒▒▒▒∙▒∙∙∙∙▒
∙∙∙∙∙∙∙∙∙∙∙∙∙∙∙∙∙▒
∙∙∙∙∙∙∙∙∙∙∙∙∙∙∙∙∙▒
∙∙∙∙∙∙∙∙∙∙∙∙▒∙∙∙∙▒
∙∙∙∙∙▒▒▒▒▒▒▒▒∙∙∙∙▒
∙∙▒▒▒▒ ▒∙∙∙∙▒ ∙∙▒
▒∙∙∙∙▒
∙∙▒▒▒▒▒▒▒▒▒▒▒∙∙∙∙▒


You could see a hobgoblin and a friendly spectral falchion.

Vanquished Creatures
  Sigmund (D:3)
  A hound (D:3)
  A steam dragon skeleton (D:3)
  Terence (D:2)
  4 adders
  A giant mite (D:1)
  3 giant geckos
  An ooze (D:1)
  2 orcs (D:3)
  4 hobgoblins
  8 jackals
  3 quokkas
  9 bats
  A giant cockroach (D:1)
  5 giant newts
  3 goblins
  16 kobolds
  4 rats
68 creatures vanquished.

Vanquished Creatures (others)
  A jackal (D:1)
1 creature vanquished.

Grand Total: 69 creatures vanquished

Notes
Turn   | Place    | Note
--------------------------------------------------------------
     0 | D:1      | Illaniel, the High Elf Skald, began the quest for the Orb.
     0 | D:1      | Reached XP level 1. HP: 14/14 MP: 3/3
    17 | D:2      | Reached skill level 1 in Armour
    60 | D:1      | Reached XP level 2. HP: 12/19 MP: 0/5
    64 | D:1      | Learned a level 2 spell: Song of Slaying
    71 | D:1      | Learned a level 2 spell: Shroud of Golubria
   615 | D:1      | Reached skill level 4 in Charms
   816 | D:1      | Reached XP level 3. HP: 22/24 MP: 0/8
  1473 | D:2      | Reached skill level 1 in Long Blades
  1473 | D:2      | Reached XP level 4. HP: 28/30 MP: 1/10
  1673 | D:3      | Noticed Terence
  1716 | D:2      | Learned a level 3 spell: Spectral Weapon
  2027 | D:2      | Killed Terence
  2198 | D:3      | Reached XP level 5. HP: 28/35 MP: 4/12
  2495 | D:3      | Noticed Sigmund
  2504 | D:3      | Killed Sigmund
  2509 | D:3      | Slain by a hobgoblin

Action                   |  1- 3 |  4- 6 || total
-------------------------+-------+-------++-------
Melee: Short sword       |   114 |    19 ||   133
       Falchion          |       |    74 ||    74
       Long sword        |       |     5 ||     5
 Cast: Infusion          |    19 |    11 ||    30
       Song of Slaying   |     4 |     1 ||     5
       Shroud of Golubri |     4 |     7 ||    11
       Spectral Weapon   |       |     2 ||     2
  Use: Potion            |     2 |       ||     2
       Scroll            |       |     4 ||     4
